 Dungeon Crawl Stone Soup version 0.19.1 (webtiles) character file.

1456 Lilleppy the Shield-Bearer (level 9, -5/68 HPs)
             Began as a Formicid Fighter on Dec 8, 2016.
             Was a Follower of Fedhas.
             Slain by a wight
             ... wielding a +5 battleaxe
              (9 damage)
             ... on level 6 of the Dungeon.
             The game lasted 00:17:15 (5026 turns).

Lilleppy the Shield-Bearer (Formicid Fighter)       Turns: 5026, Time: 00:17:17

Health: -5/68      AC:  7    Str: 23    XL:     9   Next: 5%
Magic:  9/9        EV: 10    Int:  9    God:    Fedhas [*.....]
Gold:   226        SH: 10    Dex: 10    Spells: 0 memorised, 8 levels left

rFire  . . .     SeeInvis +     i - +1 whip (elec)
rCold  + . .     Gourm    .     b - +0 scale mail
rNeg   + . .     Faith    .     c - +0 shield
rPois  .         Spirit   .     (helmet unavailable)
rElec  .         Reflect  .     (no cloak)
rCorr  .         Harm     .     (no gloves)
MR     .....                    (no boots)
Stlth  ..........               (no amulet)
                                f - ring of positive energy (curse)
                                y - ring of protection from cold

@: very slightly contaminated, drained, invisible
A: permanent stasis, dig shafts and tunnels, four strong arms, antennae 3
a: Dig, Shaft Self, Fungal Bloom, Evolution, Renounce Religion


You were on level 6 of the Dungeon.
You worshipped Fedhas.
Fedhas was aware of your devotion.
You were hungry.

You visited 2 branches of the dungeon, and saw 7 of its levels.

You collected 226 gold pieces.

Inventory:

Hand Weapons
 a - a +1 flail
 i - a +1 whip of electrocution (weapon)
 B - a +2 rapier of draining
 C - a +3 quarterstaff of chaos
Missiles
 e - a throwing net (quivered)
Armour
 b - a +0 scale mail (worn)
 c - a +0 shield (worn)
Jewellery
 f - a cursed ring of positive energy (right hand)
 y - a ring of protection from cold (left hand)
Wands
 A - a wand of flame (43/48)
Scrolls
 h - a scroll of teleportation {unknown}
 j - a scroll of amnesia
 l - 3 scrolls of remove curse
 m - 3 scrolls of identify
 n - 2 scrolls of blinking
 o - a scroll of recharging
Potions
 g - a potion of berserk rage
 k - 2 potions of curing
 r - a potion of flight
 s - a potion of agility
 v - a potion of magic
 z - 2 potions of invisibility
Books
 t - a book of Debilitation

   Spells                             Type                      Level
   a - Corona                         Hexes                        1
   b - Slow                           Hexes                        2
   c - Gell's Gravitas                Hexes/Translocation          3
   d - Inner Flame                    Hexes/Fire                   3
   e - Cause Fear                     Hexes                        4
   f - Leda's Liquefaction            Hexes/Earth                  4
Comestibles
 d - a bread ration
 q - 4 slices of pizza
 u - 4 fruits
 w - a meat ration
 x - a royal jelly


   Skills:
 + Level 5.1(4.6) Fighting
 + Level 4.9(4.4) Maces & Flails
 + Level 6.9(6.4) Armour
 + Level 3.1(2.6) Dodging
 + Level 1.3(0.8) Stealth
 + Level 7.5(6.9) Shields


You had 8 spell levels left.
You didn't know any spells.

Dungeon Overview and Level Annotations

Branches:
Dungeon (6/15)             Temple (1/1) D:4

Altars:
Ashenzari
Cheibriados
Dithmenos
Elyvilon
Fedhas
Gozag
Hepliaklqana
Kikubaaqudgha
Makhleb
Nemelex Xobeh
Okawaru
Qazlal
Ru
Sif Muna
Trog
Uskayaw
Vehumet
Xom
Yredelemnul
Zin
The Shining One

Shops:
D:5 =


Innate Abilities, Weirdness & Mutations

You are under a permanent stasis effect.
You can dig through walls and to a lower floor.
Your four strong arms can wield two-handed weapons with a shield.
You have a pair of large antennae on your head. (SInv)


Message History

The bullfrog hits you.
* * * LOW HITPOINT WARNING * * *
You block the leopard gecko's attack. You block the worker ant's attack.
You hit the wight but do no damage.
The wight is heavily damaged.
The wight barely misses you. You block the bullfrog's attack.
The wight closely misses you.
The wight hits you with a dagger of freezing.
* * * LOW HITPOINT WARNING * * *
The leopard gecko misses you. You block the worker ant's attack.
Zapping:
A - a wand of flame {recharged} (will waste charges)
Press: ? - help, Shift-Dir - straight line, f - wight
Aim: a wight, wielding a dagger of freezing and wearing a robe (moderately damaged)
The puff of flame hits the wight.
The wight is heavily damaged.
Evoking this partially-identified wand wasted a few charges.
The bullfrog closely misses you.
The wight hits you with an enchanted battleaxe!
You die...
Fedhas appreciates your contribution to the ecosystem.

* ########## *
####........######
#zl...............
#@zz..............
#Fa..#....).......
###.......<.......
#........>........
#.................
#.................
###...............
*.................
*.................


You could see a bullfrog, a worker ant, 3 wights and a leopard gecko.

Vanquished Creatures
  Eustachio (D:4)
  Menkaure (D:5)
  Duvessa (D:4)
  2 sky beasts (D:5)
  The ghost of michaelg83 the Skirmisher, an amateur DrBe of Trog (D:3)
  2 centaurs (D:5)
  Dowan (D:4)
  A scorpion (D:4)
  A wight (D:6)
  2 howler monkeys
  A crimson imp (D:5)
  2 orc wizards (D:4)
  2 orc priests (D:4)
  Crazy Yiuf (D:4)
  A bullfrog skeleton (D:5)
  A hound (D:5)
  2 worker ants (D:5)
  2 hound skeletons
  3 gnolls (D:5)
  4 adders
  A shadow imp (D:5)
  An ooze (D:3)
  An adder skeleton (D:4)
  2 worms
  6 leopard geckos
  3 orcs
  9 bats
  3 giant cockroaches
  3 goblins
  4 hobgoblins
  7 jackals
  2 quokkas
  5 frilled lizards
  8 kobolds
  8 rats
95 creatures vanquished.

Vanquished Creatures (others)
  11 toadstools
11 creatures vanquished.

Grand Total: 106 creatures vanquished

Notes
Turn   | Place    | Note
-------+----------+-------------------------------------------
     0 | D:1      | Lilleppy the Formicid Fighter began the quest for the Orb.
     0 | D:1      | Reached XP level 1. HP: 18/18 MP: 1/1
   150 | D:1      | Reached XP level 2. HP: 20/24 MP: 2/2
   764 | D:1      | Reached skill level 4 in Shields
   764 | D:1      | Reached XP level 3. HP: 24/29 MP: 3/3
  1748 | D:2      | Reached XP level 4. HP: 36/36 MP: 4/4
  2080 | D:3      | Noticed michaelg83's ghost (amateur DrBe)
  2087 | D:3      | Killed michaelg83's ghost
  2087 | D:3      | Reached skill level 1 in Dodging
  2087 | D:3      | Reached skill level 1 in Stealth
  2087 | D:3      | Reached XP level 5. HP: 38/42 MP: 5/5
  2678 | D:4      | Reached XP level 6. HP: 43/48 MP: 6/6
  2697 | D:4      | Reached skill level 5 in Shields
  2924 | D:4      | Noticed Duvessa
  2926 | D:4      | Noticed Dowan
  2938 | D:4      | Killed Duvessa
  2938 | D:4      | Reached skill level 5 in Armour
  2938 | D:4      | Reached XP level 7. HP: 47/54 MP: 7/7
  2946 | D:4      | Killed Dowan
  3128 | D:4      | Found a staircase to the Ecumenical Temple.
  3138 | Temple   | Entered the Ecumenical Temple
  3183 | Temple   | Became a worshipper of Fedhas Madash
  3273 | D:4      | Noticed Eustachio
  3320 | D:4      | Killed Eustachio
  3320 | D:4      | Reached skill level 6 in Shields
  3770 | D:4      | Found a runed door.
  3774 | D:4      | Noticed Crazy Yiuf
  3781 | D:4      | Killed Crazy Yiuf
  3830 | D:4      | Reached XP level 8. HP: 59/60 MP: 8/8
  3973 | D:5      | Entered Level 5 of the Dungeon
  4286 | D:5      | Reached skill level 7 in Shields
  4633 | D:5      | Noticed Menkaure
  4645 | D:5      | Killed Menkaure
  4645 | D:5      | Reached skill level 5 in Fighting
  4874 | D:5      | Found Unibodgh's Jewellery Emporium.
  4943 | D:5      | Reached XP level 9. HP: 44/68 MP: 9/9
  4952 | D:5      | Reached * piety under Fedhas
  5026 | D:6      | Slain by a wight

Skill      XL: |  1  2  3  4  5  6  7  8 |
---------------+-------------------------+-----
Shields        | 4 5 6 7 |  7.5
Armour         | 4 5 6 |  6.9
Dodging        | 1 2 3 |  3.1
Stealth        | 1 |  1.3
Maces & Flails | 3 4 |  4.9
Fighting       | 4 5 |  5.1

Action                   |  1- 3 |  4- 6 |  7- 9 || total
-------------------------+-------+-------+-------++-------
Melee: Flail             |    63 |       |       ||    63
       Whip              |    90 |    73 |   204 ||   367
Throw: Throwing net      |       |       |     1 ||     1
Invok: Fungal Bloom      |       |       |     7 ||     7
 Abil: Dig               |       |       |     1 ||     1
Evoke: Wand              |       |       |     1 ||     1
  Use: Potion            |       |       |    10 ||    10
       Scroll            |       |       |     9 ||     9
 Stab: Held in net/web   |       |       |     1 ||     1
       Invisible         |       |       |     2 ||     2
  Eat: Bread ration      |     1 |     1 |     1 ||     3
Armor: Scale mail        |   102 |    26 |    78 ||   206
Dodge: Dodged            |    67 |    22 |    93 ||   182
Block: Shield            |   110 |    27 |   127 ||   264
